 Dungeon Crawl Stone Soup version 0.29.0-4-gdea44cf6ec (webtiles) character file.

Game seed: 9284452492883343686

2461 qw the Cleaver (level 9, 0/69 HPs)
             Began as a Formicid Cinder Acolyte on Sept 3, 2022.
             Was a Priest of Ignis.
             Slain by a water moccasin (2 damage)
             ... on level 7 of the Dungeon.
             The game lasted 00:03:17 (6914 turns).

qw the Cleaver (Formicid Cinder Acolyte)            Turns: 6914, Time: 00:03:18

Health: 0/69       AC: 23    Str: 28    XL:     9   Next: 79%
Magic:  10/10      EV:  9    Int: 18    God:    Ignis [***...]
Gold:   128        SH:  0    Dex:  8    Spells: 10/10 levels left

rFire   + . .      SeeInvis +   Y - +2 war axe (freeze)
rCold   . . .      Faith    .   (no shield)
rNeg    . . .      Spirit   .   e - +0 chain mail
rPois   .          Reflect  .   (helmet unavailable)
rElec   .          Harm     .   k - +0 cloak
rCorr   .          Rampage  .   i - +2 pair of gloves
Will    .....                   c - +0 pair of boots
Stlth   ..........              (no amulet)
HPRegen 0.21/turn               h - +6 ring of strength
MPRegen 0.12/turn               (no ring)

@: fiery-armoured
A: permanent stasis, dig shafts and tunnels, antennae 3, four strong arms,
talons 1, clever 1, wild magic 1
a: Dig, Shaft Self, Renounce Religion, Fiery Armour, Foxfire Swarm, Rising Flame


You were on level 7 of the Dungeon.
You worshipped Ignis.
Ignis was most pleased with you.
You visited 1 branch of the dungeon, and saw 7 of its levels.
You also visited: Sewer.

You collected 258 gold pieces.
You spent 130 gold pieces at shops.


Innate Abilities, Weirdness & Mutations

You cannot be hasted, slowed, berserked, paralysed or teleported.
You can dig through walls and to a lower floor.
You have a pair of large antennae on your head. (SInv)
Your four strong arms can wield two-handed weapons with a shield.
You have sharp toenails.
Your mind is acute. (Int +4, Str/Dex -1)
Your spells are a little harder to cast, but a little more powerful.


   Skills:
 - Level 6.0 Fighting
 + Level 9.1 Axes
 - Level 2.2 Throwing
 - Level 7.5 Armour
 - Level 2.1 Dodging
 - Level 1.1 Spellcasting
 - Level 3.0 Fire Magic


You had 10 spell levels left.
You didn't know any spells.
Your spell library contained the following spells:

 Spells                   Type           Power      Damage    Failure   Level
 Scorch                   Fire           30%        2d7       47%         2

Inventory:

Hand Weapons
 f - a -1 hand axe of flaming
 Y - a +2 war axe of freezing (weapon)
Missiles
 d - 2 silver boomerangs (quivered)
Armour
 c - a +0 pair of boots (worn)
 e - a +0 chain mail (worn)
 i - a +2 pair of gloves (worn)
 k - a +0 cloak (worn)
Jewellery
 h - a +6 ring of strength (left hand)
 j - a ring of fire
Scrolls
 a - a scroll of identify
Potions
 g - a potion of cancellation
 l - a potion of invisibility {unknown}
 m - a potion of brilliance {unknown}
 n - a potion of attraction {unknown}
 p - a potion of degeneration {unknown}
 r - a potion of curing

Dungeon Overview and Level Annotations

Branches:
Dungeon (7/15)             Temple (0/1) D:5           Sewer (visited)

Altars:
Gozag
Sif Muna

Shops:
D:5 [


Message History

The centaur is moderately wounded.
The water moccasin bites you but does no damage.
The water moccasin is burned by your cloak of flames.
The water moccasin is lightly wounded.
The centaur hits you.
The centaur is burned by your cloak of flames.
The centaur is heavily wounded.
The centaur kicks you.
You slice the centaur!! You freeze the centaur.
You kill the centaur!
You hit the two-headed ogre. You freeze the two-headed ogre.
You miss the water moccasin.
The water moccasin bites you but does no damage.
The water moccasin is burned by your cloak of flames.
The water moccasin is moderately wounded.
The two-headed ogre hits you with a +0 giant club!!
The two-headed ogre is burned by your cloak of flames.
The two-headed ogre is moderately wounded.
The two-headed ogre closely misses you. The bullfrog closely misses you.
The water moccasin completely misses you.
6913 ||| DRINKING potion of heal wounds.
You feel much better.
The bullfrog hits you but does no damage.
The bullfrog is burned by your cloak of flames.
The bullfrog is moderately wounded.
The water moccasin bites you but does no damage.
The water moccasin is burned by your cloak of flames.
The water moccasin is moderately wounded.
The two-headed ogre hits you with a +0 giant club!!
The two-headed ogre is burned by your cloak of flames.
The two-headed ogre is heavily wounded.
The two-headed ogre hits you but does no damage.
The two-headed ogre is burned by your cloak of flames.
The two-headed ogre is heavily wounded.
You barely miss the two-headed ogre.
The two-headed ogre is heavily wounded.
You slash the water moccasin! You freeze the water moccasin.
You hit the bullfrog. You freeze the bullfrog. The bullfrog barely misses you.
The water moccasin bites you.
You die...

....#.....#..
....#.#...#.#.
?...'.....+#..# #+
....#...#.#.#.c# #.#
....#.....#..#..# #..#
...####'####..#.. #!.#
..##.......##..#.#..#
.##..#####..##OF#O.# ..
##...# #)...###@###...#
...........#.....S.....#
#.........#####.......##
. ###..### #.......# ###
#.......# #........#
.........# .........#
#..######..


You could see a two-headed ogre, a water moccasin, an ogre and a bullfrog.

Vanquished Creatures
  A hydra (D:6)
  2 water moccasins (D:4)
  Pargi (Sewer)
  2 ice beasts (D:5)
  A sky beast (D:7)
  3 ogres
  3 centaurs
  2 phantoms (D:5)
  A necrophage (D:6)
  A bullfrog (D:6)
  A scorpion (D:5)
  2 hounds (D:5)
  2 jellies
  2 iguanas
  4 orc wizards
  Terence (D:3)
  6 adders
  A worm (D:4)
  2 dart slugs
  17 orcs
  13 bats
  6 endoplasms
  4 giant cockroaches
  5 goblins
  6 hobgoblins
  7 kobolds
  3 quokkas
  11 ball pythons
  2 frilled lizards
  3 rats
115 creatures vanquished.

Vanquished Creatures (collateral kills)
  2 giant cockroaches (D:4)
  A goblin (D:4)
3 creatures vanquished.

Grand Total: 118 creatures vanquished

Notes
Turn   | Place    | Note
-------+----------+-------------------------------------------
     0 | D:1      | qw the Formicid Cinder Acolyte began the quest for the Orb.
     0 | D:1      | Reached XP level 1. HP: 18/18 MP: 2/2
     0 | D:1      | 0 ||| qw: Version: 0.1-a-102-g441f92d
     0 | D:1      | 0 ||| qw: Game counter: 5111
     0 | D:1      | 0 ||| qw: Always use a shield: true
     0 | D:1      | 0 ||| qw: God list: Okawaru
     0 | D:1      | 0 ||| qw: Allow faded altars: false
     0 | D:1      | 0 ||| qw: Do Orc after D:15 true
     0 | D:1      | 0 ||| qw: Do second Lair branch before Depths: true
     0 | D:1      | 0 ||| qw: Lair rune preference: random
     0 | D:1      | 0 ||| qw: Plans: Normal
     0 | D:1      | 0 ||| PLANNING D:1-11
    13 | D:1      | 13 ||| Stepping ~*~*~tactically~*~*~ (stealth).
    23 | D:1      | 23 ||| INVOKING Fiery Armour.
   247 | D:1      | Reached XP level 2. HP: 24/24 MP: 3/3
   453 | D:1      | 453 ||| Stepping ~*~*~tactically~*~*~ (stealth).
   458 | D:1      | 458 ||| Stepping ~*~*~tactically~*~*~ (stealth).
   461 | D:1      | 461 ||| Stepping ~*~*~tactically~*~*~ (stealth).
   501 | D:1      | Found a faded altar of an unknown god.
   590 | D:1      | Reached skill level 4 in Axes
   590 | D:1      | Reached XP level 3. HP: 26/29 MP: 4/4
   703 | D:1      | 703 ||| Stepping ~*~*~tactically~*~*~ (stealth).
   982 | D:1      | 982 ||| UPGRADING to +0 ring mail.
   992 | D:1      | 992 ||| DROPPING +0 robe.
   993 | D:1      | 993 ||| UPGRADING to +0 pair of gloves.
   998 | D:1      | 998 ||| UPGRADING to +2 pair of gloves.
  1008 | D:1      | 1008 ||| DROPPING +0 pair of gloves.
  1009 | D:1      | 1009 ||| UPGRADING to +6 ring of strength.
  1010 | D:1      | 1010 ||| READING 2 scrolls labelled WINEFF IGODU.
  1011 | D:1      | 1011 ||| READING scroll labelled WYULAL MOU.
  1012 | D:1      | 1012 ||| READING scroll labelled DEKOPI FAIWKYIZE.
  1017 | D:2      | 1017 ||| STAIRDANCE
  1025 | D:1      | Reached skill level 1 in Armour
  1051 | D:2      | You fall into a shaft and drop 2 floors!
  1057 | D:4      | 1057 ||| PLANNING SEWER
  1057 | D:4      | 1057 ||| SWAPPING to +0 war axe.
  1077 | D:4      | 1077 ||| Stepping ~*~*~tactically~*~*~ (stealth).
  1089 | D:4      | 1089 ||| Stepping ~*~*~tactically~*~*~ (stealth).
  1091 | D:4      | 1091 ||| Stepping ~*~*~tactically~*~*~ (stealth).
  1171 | D:4      | 1171 ||| INVOKING Fiery Armour.
  1174 | D:4      | Reached XP level 4. HP: 17/35 MP: 5/5
  1336 | D:4      | Found a glowing drain.
  1337 | D:4      | 1337 ||| UPGRADING to +0 chain mail.
  1347 | D:4      | 1347 ||| DROPPING +0 ring mail.
  1348 | D:4      | 1348 ||| READING scroll labelled AWKIWOL XUNIHE.
  1352 | D:4      | 1352 ||| READING scroll labelled NANNANA VEEPH.
  1369 | D:4      | 1369 ||| DRINKING 2 fuming clear potions.
  1369 | D:4      | Gained mutation: You have sharp toenails. [potion of
                  | mutation]
  1369 | D:4      | Gained mutation: You occasionally lose the ability to drink
                  | potions when taking damage. [potion of mutation]
  1369 | D:4      | Gained mutation: Your mind is acute. (Int +4, Str/Dex -1)
                  | [potion of mutation]
  1370 | D:4      | 1370 ||| DRINKING potion of mutation.
  1370 | D:4      | Lost mutation: You occasionally lose the ability to drink
                  | potions when taking damage. [potion of mutation]
  1370 | D:4      | Lost mutation: Your mind is acute. (Int +4, Str/Dex -1)
                  | [potion of mutation]
  1370 | D:4      | Gained mutation: Your spells are a little harder to cast,
                  | but a little more powerful. [potion of mutation]
  1370 | D:4      | Gained mutation: Your mind is acute. (Int +4, Str/Dex -1)
                  | [potion of mutation]
  1374 | Sewer    | Entered a sewer
  1431 | Sewer    | Noticed Pargi
  1444 | Sewer    | Killed Pargi
  1445 | Sewer    | Reached skill level 5 in Axes
  1445 | Sewer    | Reached XP level 5. HP: 23/41 MP: 6/6
  1600 | Sewer    | 1600 ||| READING scroll labelled TICROS ZOHOR.
  1620 | D:4      | 1620 ||| PLANNING OSSUARY
  1656 | D:4      | 1656 ||| Stepping ~*~*~tactically~*~*~ (hiding).
  1703 | D:4      | 1703 ||| RIP OSSUARY
  1704 | D:4      | 1704 ||| PLANNING D:1-11
  1768 | D:4      | 1768 ||| UPGRADING to +0 pair of boots.
  1887 | D:2      | Reached XP level 6. HP: 47/47 MP: 7/7
  1916 | D:2      | 1916 ||| Stepping ~*~*~tactically~*~*~ (stealth).
  1918 | D:2      | 1918 ||| Stepping ~*~*~tactically~*~*~ (stealth).
  1920 | D:2      | 1920 ||| Stepping ~*~*~tactically~*~*~ (stealth).
  2089 | D:2      | Found a shimmering blue altar of Sif Muna.
  2160 | D:2      | Identified the +8 spear "Qiphaynau" {vorpal, rN+ Dex+2}
  2288 | D:2      | 2288 ||| Stepping ~*~*~tactically~*~*~ (stealth).
  2459 | D:2      | 2459 ||| READING scroll labelled DAADIJ QETZA.
  2460 | D:2      | 2460 ||| READING scroll labelled RIKUPO JUTI.
  2461 | D:2      | 2461 ||| READING scroll labelled DUCEWK VIECA.
  2462 | D:2      | 2462 ||| DRINKING 2 black potions.
  2580 | D:3      | Reached skill level 6 in Axes
  2585 | D:3      | 2585 ||| INVOKING Fiery Armour.
  2588 | D:3      | 2588 ||| DRINKING potion of curing.
  2588 | D:3      | 2588 ||| (to cure confusion)
  2589 | D:3      | 2589 ||| FLEEEEING.
  2590 | D:3      | 2590 ||| FLEEEEING.
  2591 | D:3      | 2591 ||| FLEEEEING.
  2592 | D:3      | 2592 ||| FLEEEEING.
  2593 | D:3      | 2593 ||| FLEEEEING.
  2594 | D:3      | 2594 ||| FLEEEEING.
  2595 | D:3      | 2595 ||| FLEEEEING.
  2600 | D:3      | 2600 ||| FLEEEEING.
  2605 | D:3      | 2605 ||| FLEEEEING.
  2606 | D:3      | 2606 ||| FLEEEEING.
  2607 | D:3      | 2607 ||| FLEEEEING.
  2608 | D:3      | 2608 ||| FLEEEEING.
  2609 | D:3      | 2609 ||| FLEEEEING.
  2610 | D:3      | 2610 ||| FLEEEEING.
  2611 | D:3      | 2611 ||| FLEEEEING.
  2612 | D:3      | 2612 ||| FLEEEEING.
  2613 | D:3      | 2613 ||| FLEEEEING.
  2614 | D:3      | 2614 ||| FLEEEEING.
  2619 | D:3      | 2619 ||| FLEEEEING.
  2620 | D:3      | 2620 ||| FLEEEEING.
  2621 | D:3      | 2621 ||| FLEEEEING.
  2622 | D:3      | 2622 ||| FLEEEEING.
  2628 | D:3      | 2628 ||| FLEEEEING.
  2629 | D:3      | 2629 ||| STAIRDANCE
  2706 | D:3      | 2706 ||| SWAPPING to +0 war axe of electrocution.
  2707 | D:3      | 2707 ||| DROPPING +0 war axe.
  2710 | D:3      | Found an opulent altar of Gozag.
  2721 | D:3      | 2721 ||| Stepping ~*~*~tactically~*~*~ (stealth).
  2726 | D:3      | 2726 ||| Stepping ~*~*~tactically~*~*~ (stealth).
  2727 | D:3      | 2727 ||| Stepping ~*~*~tactically~*~*~ (stealth).
  3129 | D:3      | Noticed Terence
  3139 | D:3      | Killed Terence
  3425 | D:3      | 3425 ||| READING scroll labelled XECVU WUROI.
  3426 | D:3      | 3426 ||| READING scroll labelled HOKIPL PUPERO.
  3427 | D:3      | 3427 ||| READING scroll labelled QUGYBUIVVA.
  3590 | D:4      | Noticed a water moccasin
  3598 | D:4      | 3598 ||| INVOKING Fiery Armour.
  3600 | D:4      | HP: 11/48 [poisoned by a water moccasin]
  3600 | D:4      | Killed a water moccasin
  3601 | D:4      | Reached XP level 7. HP: 13/54 MP: 8/8
  3605 | D:4      | HP: 7/54 [poisoned by a water moccasin]
  3611 | D:4      | Noticed a water moccasin
  3612 | D:4      | 3612 ||| FLEEEEING.
  3613 | D:4      | 3613 ||| FLEEEEING.
  3620 | D:4      | 3620 ||| STAIRDANCE
  3916 | D:4      | 3916 ||| Stepping ~*~*~tactically~*~*~ (stealth).
  3936 | D:4      | Killed a water moccasin
  3937 | D:4      | Reached skill level 7 in Axes
  4157 | D:4      | 4157 ||| Stepping ~*~*~tactically~*~*~ (hiding).
  4438 | D:4      | 4438 ||| READING scroll labelled BOSYCW YCHUTUA.
  4439 | D:4      | 4439 ||| DRINKING 2 smoky green potions.
  4458 | D:5      | Entered Level 5 of the Dungeon
  4470 | D:5      | 4470 ||| Stepping ~*~*~tactically~*~*~ (stealth).
  4471 | D:5      | 4471 ||| Stepping ~*~*~tactically~*~*~ (stealth).
  4472 | D:5      | 4472 ||| Stepping ~*~*~tactically~*~*~ (stealth).
  4473 | D:5      | 4473 ||| Stepping ~*~*~tactically~*~*~ (stealth).
  4478 | D:5      | Reached skill level 3 in Armour
  4563 | D:5      | Reached XP level 8. HP: 41/60 MP: 9/9
  4687 | D:5      | 4687 ||| Stepping ~*~*~tactically~*~*~ (stealth).
  4688 | D:5      | 4688 ||| Stepping ~*~*~tactically~*~*~ (stealth).
  4700 | D:5      | Reached skill level 8 in Axes
  4835 | D:5      | Found Mufemp's Antique Armour Shoppe.
  4846 | D:5      | 4846 ||| BUYING cloak (130 gold).
  4846 | D:5      | Bought a cloak for 130 gold pieces
  4846 | D:5      | 4846 ||| SHOPLISTING distressingly furry scale mail (261
                  | gold, have 55).
  4846 | D:5      | 4846 ||| SHOPLISTING plate armour (667 gold, have 55).
  4846 | D:5      | 4846 ||| SHOPLISTING shiny chain mail (217 gold, have 55).
  4846 | D:5      | 4846 ||| SHOPLISTING tiger eye-studded chain mail (275
                  | gold, have 55).
  4852 | D:5      | Found a staircase to the Ecumenical Temple.
  5006 | D:5      | 5006 ||| Stepping ~*~*~tactically~*~*~ (stealth).
  5136 | D:5      | 5136 ||| READING scroll of enchant weapon.
  5136 | D:5      | 5136 ||| ENCHANTING +1 war axe of freezing.
  5447 | D:5      | 5447 ||| UPGRADING to +0 cloak.
  5452 | D:5      | 5452 ||| READING scroll labelled FED ZUCWEWNO.
  5553 | D:5      | 5553 ||| READING 3 scrolls labelled MOISEIRPHENN.
  5554 | D:5      | 5554 ||| DRINKING 5 bubbling white potions.
  5603 | D:5      | 5603 ||| READING 2 scrolls of identify.
  5603 | D:5      | 5603 ||| IDENTIFYING fizzy orange potion
  5604 | D:5      | 5604 ||| DROPPING 4 potions of lignification.
  5605 | D:5      | 5605 ||| DROPPING 2 scrolls of fear.
  5627 | D:6      | Noticed a seven-headed hydra
  5628 | D:6      | 5628 ||| INVOKING Fiery Armour.
  5630 | D:6      | 5630 ||| STAIRDANCE
  5682 | D:6      | 5682 ||| SWAPPING to -1 hand axe of flaming.
  5684 | D:6      | Killed a five-headed hydra
  5685 | D:6      | Reached XP level 9. HP: 62/68 MP: 10/10
  5685 | D:6      | 5685 ||| SWAPPING to +2 war axe of freezing.
  5924 | D:6      | Reached skill level 9 in Axes
  5981 | D:6      | 5981 ||| Stepping ~*~*~tactically~*~*~ (hiding).
  5982 | D:6      | 5982 ||| Stepping ~*~*~tactically~*~*~ (hiding).
  5983 | D:6      | 5983 ||| Stepping ~*~*~tactically~*~*~ (hiding).
  6303 | D:6      | Reached skill level 6 in Fighting
  6690 | D:7      | 6690 ||| FLEEEEING.
  6691 | D:7      | 6691 ||| FLEEEEING.
  6692 | D:7      | 6692 ||| FLEEEEING.
  6693 | D:7      | 6693 ||| FLEEEEING.
  6694 | D:7      | 6694 ||| FLEEEEING.
  6695 | D:7      | 6695 ||| FLEEEEING.
  6696 | D:7      | 6696 ||| FLEEEEING.
  6697 | D:7      | 6697 ||| FLEEEEING.
  6698 | D:7      | 6698 ||| FLEEEEING.
  6699 | D:7      | 6699 ||| FLEEEEING.
  6700 | D:7      | 6700 ||| FLEEEEING.
  6701 | D:7      | 6701 ||| FLEEEEING.
  6702 | D:7      | 6702 ||| FLEEEEING.
  6703 | D:7      | 6703 ||| FLEEEEING.
  6708 | D:7      | 6708 ||| STAIRDANCE
  6856 | D:7      | Reached skill level 1 in Throwing
  6905 | D:7      | Noticed a two-headed ogre
  6906 | D:7      | 6906 ||| Stepping ~*~*~tactically~*~*~ (hiding).
  6911 | D:7      | 6911 ||| INVOKING Fiery Armour.
  6912 | D:7      | HP: 1/69 [two-headed ogre/+0 giant club (29)]
  6913 | D:7      | 6913 ||| DRINKING potion of heal wounds.
  6914 | D:7      | Slain by a water moccasin

Levels and vault maps discovered:
D:1:      nzn_arrival_water_spiral, layout_rooms, ebering_ecumenical_altar_rust,
          minmay_heptomino_h4
D:2:      layout_basic, basic_altar
D:3:      layout_basic, nicolae_gozag_cash_rules_everything_around_me,
          dk_vineyard_2, uniq_terence
D:4:      layout_loops_ring, cheibrodos_sewer_entry_drain,
          chequers_ossuary_entry_cave, minmay_misc_feat_five, corner_web_ring
D:5:      layout_cave_pools, minmay_temple_entry_statues_fountains,
          serial_shops, nicolae_shop_stone
D:6:      layout_basic
D:7:      minmay_the_grid_octo_tiled_octocenter [minmay_the_grid_octo_clover_2,
          minmay_the_grid_octo_focus, minmay_the_grid_octo_thin_diamonds,
          minmay_the_grid_octo_empty, minmay_the_grid_octo_prize_big_c,
          minmay_the_grid_square_5x5_three_small,
          minmay_the_grid_square_5x5_pentomino_r,
          minmay_the_grid_square_5x5_two_walls_a,
          minmay_the_grid_square_5x5_checkered_statues], layout_layer_cave,
          uniq_pikel

Skill      XL: |  1  2  3  4  5  6  7  8  9 |
---------------+----------------------------+-----
Axes           | 4 5 6 7 8 9 |  9.1
Armour         | 1 2 3 7 |  7.5
Fighting       | 4 5 6 |  6.0
Dodging        | 2 |  2.1
Throwing       | 2 |  2.2
Spellcasting   | |  1.1
Fire Magic     | |  3.0

Action                   |  1- 3 |  4- 6 |  7- 9 || total
-------------------------+-------+-------+-------++-------
Melee: Hand axe          |    69 |       |     2 ||    71
       War axe           |    20 |   122 |   136 ||   278
       Kick              |       |     7 |       ||     7
       Punch             |       |     2 |     3 ||     5
Throw: Boomerang         |       |     2 |     3 ||     5
Invok: Fiery Armour      |     2 |     2 |     2 ||     6
  Use: Scroll            |     3 |     9 |     5 ||    17
       Potion            |       |     4 |     3 ||     7
Armor: Robe              |    10 |       |       ||    10
       Ring mail         |    14 |       |       ||    14
       Chain mail        |       |    90 |   105 ||   195
Dodge: Dodged            |    43 |    63 |    60 ||   166

Table legend:
 A = Non-vault XP
 B = Vault XP
 C = Vault XP percentage of total XP
 D = Non-vault monster count
 E = Vault monster count
 F = Vault count percentage of total count
                 A         B        C        D         E       F
            +---------+---------+-------+---------+---------+-------
      Total |    3217 |     299 |   8.5 |     103 |      15 |  12.7
            +---------+---------+-------+---------+---------+-------
        D:1 |      44 |       7 |  13.7 |      20 |       4 |  16.7
        D:2 |      48 |       0 |   0.0 |      18 |       0 |   0.0
        D:3 |      66 |      32 |  32.7 |      15 |       1 |   6.2
        D:4 |     409 |       9 |   2.2 |      20 |       3 |  13.0
        D:5 |     962 |       0 |   0.0 |      13 |       0 |   0.0
        D:6 |    1448 |       0 |   0.0 |      14 |       0 |   0.0
        D:7 |     240 |     112 |  31.8 |       3 |       1 |  25.0
      Sewer |       0 |     139 | 100.0 |       0 |       6 | 100.0
            +---------+---------+-------+---------+---------+-------
